 Dungeon Crawl Stone Soup version 0.27-a0-1217-g8a41f320e8 (webtiles) character file.

Game seed: 6172823212147298769

1 polve the Skirmisher (level 1, -5/18 HPs)
             Began as a Demonspawn Abyssal Knight on June 5, 2021.
             Was an Initiate of Lugonu.
             Slain by a gnoll
             ... wielding a +0 flail
              (9 damage)
             ... on level 1 of the Dungeon.
             The game lasted 00:00:09 (163 turns).

polve the Skirmisher (Demonspawn Abyssal Knight)     Turns: 163, Time: 00:00:10

Health: -5/18      AC:  3    Str:  9 (12) XL:     1   Next: 16%
Magic:  2/2        EV: 11    Int: 10 (13) God:    Lugonu [......]
Gold:   10         SH:  0    Dex:  9 (12) Spells: 0/0 levels left

rFire    . . .     SeeInvis .   a - +1 short sword
rCold    . . .     Faith    .   (no shield)
rNeg     . . .     Spirit   .   b - +0 leather armour
rPois    .         Reflect  .   (no helmet)
rElec    .         Harm     .   (no cloak)
rCorr    .         Rampage  .   (no gloves)
Will     .....                  (no boots)
Stlth    +.........             (no amulet)
HPRegen  0.06/turn              (no ring)
MPRegen  0.08/turn              (no ring)

@: no status effects
A: no striking features
a: Renounce Religion


You were on level 1 of the Dungeon.
You worshipped Lugonu.
Lugonu was noncommittal.
You visited 1 branch of the dungeon, and saw 1 of its levels.
You visited the Abyss 1 time.

You collected 10 gold pieces.

Inventory:

Hand Weapons
 a - a +1 short sword (weapon)
Armour
 b - a +0 leather armour (worn)


   Skills:
 - Level 3.0 Fighting
 + Level 1.9 Short Blades
 - Level 1.7 Armour
 - Level 0.8 Dodging
 - Level 2.4 Invocations


You couldn't memorise any spells.
You didn't know any spells.
Your spell library was empty.

Dungeon Overview and Level Annotations

Branches:
Dungeon (1/15)

Altars:


Message History

A small abomination comes into view.
You see here 10 gold pieces.
You now have 10 gold pieces.
You pass through the gate.
You can no longer depart the Abyss at will.
Found 14 bolts.
There is a staircase leading out of the dungeon here.
Magic restored.
A quokka comes into view.
A quokka is nearby!
A quokka is nearby!
A quokka is nearby!
A gnoll comes into view. It is wielding a +0 flail.
You hit the quokka.
The quokka is severely wounded.
The quokka closely misses you.
You hit the quokka.
You kill the quokka!
Lugonu accepts your kill.
Found 10 gold pieces.
You barely miss the gnoll. The gnoll hits you with a +0 flail.
You are too injured to fight recklessly!
You are too injured to fight recklessly!
You are too injured to fight recklessly!
You are too injured to fight recklessly!
You are too injured to fight recklessly!
You are too injured to fight recklessly!
You are too injured to fight recklessly!
You are too injured to fight recklessly!
You are too injured to fight recklessly!
You are too injured to fight recklessly!
You are too injured to fight recklessly!
You are too injured to fight recklessly!
A gnoll is nearby!
You closely miss the gnoll. The gnoll hits you with a +0 flail!
* * * LOW HITPOINT WARNING * * *
Your leather armour prevents you from hitting the gnoll.
The gnoll hits you with a +0 flail!
Ouch! That really hurt!
You die...

#8....8.<..≈≈≈≈≈ .....
#..........≈≈≈≈≈≈ .....
#............≈≈≈≈
......##.........8.≈≈≈≈≈
$.....#.............≈≈≈≈
......#...(.........≈≈≈≈
....................≈.≈≈
....................≈.≈≈
......g@........###.≈≈≈≈
.............#### ######
...........###
...........#
.....####### ..... ....
....


You could see a gnoll.

Vanquished Creatures
  A quokka (D:1)
1 creature vanquished.

Notes
Turn   | Place    | Note
-------+----------+-------------------------------------------
     0 | Abyss:1  | polve the Demonspawn Abyssal Knight began the quest for the
                  | Orb.
     0 | Abyss:1  | Reached XP level 1. HP: 18/18 MP: 2/2
    29 | Abyss:1  | Found a corrupted altar of Lugonu.
   108 | Abyss:1  | Found a corrupted altar of Lugonu.
   123 | Abyss:1  | Noticed a small abomination
   125 | D:1      | Escaped the Abyss
   163 | D:1      | Slain by a gnoll

Illustrated notes

Levels and vault maps discovered:
D:1:      nicolae_arrival_washed_ashore, layout_basic

Action                   || total
-------------------------++-------
Melee: Short sword       ||     5
Invok: Depart the Abyss  ||     1
  Use: Potion            ||     1
Dodge: Dodged            ||     1

Table legend: (Time is in decaauts)
 A = Elapsed time spent in this place.
 B = Non-inter-level travel time spent in this place.
 C = Inter-level travel time spent in this place.
 D = Time resting spent in this place.
 E = Time spent auto-exploring this place.
 F = Levels seen in this place.
 G = Mean time per level.
                   A        B        C        D        E       F      G
               +--------+--------+--------+--------+--------+-----+--------+
         Total |    162 |    162 |      0 |      0 |    150 |   2 |   81.0 |
       Dungeon |     37 |     37 |      0 |      0 |     29 |   1 |   37.0 |
         Abyss |    125 |    125 |      0 |      0 |    121 |   1 |  125.0 |
               +--------+--------+--------+--------+--------+-----+--------+

Top non-repeatable levels by time:
 Abyss:1: 125 daAuts
     D:1: 37 daAuts
